 Dungeon Crawl Stone Soup version 0.21.1-1-g345015f (webtiles) character file.

65 Matador8 the Poker (level 4, -1/33 HPs)
             Began as a Merfolk Skald on Apr 17, 2018.
             Slain by an orc wizard
             ... wielding a +0 dagger
              (2 damage)
             ... on level 2 of the Dungeon.
             The game lasted 00:07:53 (1389 turns).

Matador8 the Poker (Merfolk Skald)                  Turns: 1389, Time: 00:07:54

Health: -1/33      AC:  3    Str: 11    XL:     4   Next: 14%
Magic:  4/7        EV: 12    Int: 13    God:
Gold:   53         SH:  0    Dex: 13    Spells: 1/7 levels left

rFire    . . .     SeeInvis .   a - +0 spear
rCold    . . .     Gourm    .   (no shield)
rNeg     . . .     Faith    .   b - +0 leather armour
rPois    .         Spirit   .   (no helmet)
rElec    .         Reflect  .   (no cloak)
rCorr    .         Harm     .   (no gloves)
MR       .....                  (no boots)
Stlth    +.........             (no amulet)
HPRegen  0.11/turn              (no ring)
MPRegen  0.10/turn              (no ring)

@: infused (expiring)
A: change form in water, swift swim, stealthy swim
a: no special abilities


You were on level 2 of the Dungeon.
You were not hungry.

You visited 1 branch of the dungeon, and saw 2 of its levels.

You collected 53 gold pieces.

Inventory:

Hand Weapons
 a - a +0 spear (weapon)
Armour
 b - a +0 leather armour (worn)
Scrolls
 g - 2 scrolls of teleportation {unknown}
 i - a scroll of immolation {unknown}
Potions
 e - a potion of agility {unknown}
 h - a potion of curing {unknown}
 j - a potion of haste {unknown}
Books
 c - a book of Battle

   Spells                             Type                      Level
   a - Infusion                       Charms                       1
   b - Shroud of Golubria             Charms/Translocation         2
   c - Song of Slaying                Charms                       2
   d - Spectral Weapon                Hexes/Charms                 3
   e - Regeneration                   Charms/Necromancy            3
Comestibles
 d - 3 rations
 f - 2 chunks of flesh


   Skills:
 - Level 2.1 Fighting
 + Level 4.8 Polearms
 - Level 0.6 Armour
 - Level 2.6 Dodging
 - Level 2.0 Spellcasting
 + Level 1.4 Hexes
 - Level 4.0 Charms


You had one spell level left.
You knew the following spells:

 Your Spells              Type           Power        Failure   Level  Hunger
a - Infusion              Chrm           ##..         6%          1    ##.....
b - Shroud of Golubria    Chrm/Tloc      #.........   22%         2    ###....
c - Spectral Weapon       Hex/Chrm       #.......     32%         3    ####...


Dungeon Overview and Level Annotations

Branches:
Dungeon (2/15)

Altars:


Message History

A goblin comes into view.
You bump into the metal wall.
The goblin wields a hunting sling.
The goblin shoots a stone.
The stone barely misses you. Something hits you but does no damage.
You bump into the metal wall.
The goblin shoots a stone.
The stone closely misses you. The kobold hits you. Something hits you.
* * * LOW HITPOINT WARNING * * *
You bump into the metal wall.
An orc wizard appears from thin air!
Reactivating autopickup.
The kobold closely misses you. The orc wizard casts a spell at you.
The magic dart hits you!
* * * LOW HITPOINT WARNING * * *
You miss the kobold.
You bump into the metal wall.
You feel less confused.
Your magical infusion is running out.
The kobold hits you.
* * * LOW HITPOINT WARNING * * *
The orc wizard hits you with a dagger.
You die...

.....# ..#...
...>..###.#...
.h..?....(....
#...........##
#######..(..##
#########
###....#
#.#.#g..#
##.... ##.#Ko#
##... #)#(@##
##... ##..##
#.... ###(.##
#(#.[ #...##
#(#.. #.#..#
#####.#..
#.##..#
#<.)..... #.#
#..#
#.รท...... #.#
#..# #........
#.# #...
#........


You could see an orc wizard, a goblin and a kobold.

Vanquished Creatures
  An adder (D:2)
  2 oozes (D:2)
  A worm (D:2)
  A leopard gecko (D:1)
  4 bats (D:1)
  3 giant cockroaches
  3 goblins
  8 hobgoblins
  4 jackals
  9 kobolds
  3 frilled lizards (D:1)
  3 rats (D:1)
42 creatures vanquished.

Notes
Turn   | Place    | Note
-------+----------+-------------------------------------------
     0 | D:1      | Matador8 the Merfolk Skald began the quest for the Orb.
     0 | D:1      | Reached XP level 1. HP: 16/16 MP: 3/3
    56 | D:1      | Reached XP level 2. HP: 12/22 MP: 0/5
   509 | D:1      | Reached XP level 3. HP: 27/27 MP: 6/6
   523 | D:1      | Learned a level 2 spell: Shroud of Golubria
   527 | D:1      | Learned a level 3 spell: Spectral Weapon
  1085 | D:1      | Reached skill level 1 in Hexes
  1293 | D:2      | Reached XP level 4. HP: 31/33 MP: 2/7
  1389 | D:2      | HP: 1/33 [kobold (1)]
  1389 | D:2      | Slain by an orc wizard

Skill      XL: |  1  2  3 |
---------------+----------+-----
Polearms       | 4 |  4.8
Charms         | 4 |  4.0
Hexes          | 1 |  1.4
Fighting       | |  2.1
Armour         | |  0.6
Dodging        | |  2.6
Spellcasting   | |  2.0

Action                   |  1- 3 |  4- 6 || total
-------------------------+-------+-------++-------
Melee: Spear             |   132 |    37 ||   169
 Cast: Infusion          |     6 |     1 ||     7
  Eat: Chunk             |     2 |       ||     2
Armor: Leather armour    |    28 |     3 ||    31
Dodge: Dodged            |    79 |    12 ||    91
